 Dungeon Crawl Stone Soup version 0.21-a0-531-gacddea6 (webtiles) character file.

18 Gerstahl the Skirmisher (level 2, -2/24 HPs)
             Began as a Demonspawn Monk on Dec 12, 2017.
             Slain by a hobgoblin
             ... wielding a +0 club
              (3 damage)
             ... on level 1 of the Dungeon.
             The game lasted 00:00:47 (240 turns).

Gerstahl the Skirmisher (Demonspawn Monk)            Turns: 240, Time: 00:00:48

Health: -2/24      AC:  2    Str: 11    XL:     2   Next: 51%
Magic:  2/2        EV: 13    Int: 11    God:
Gold:   42         SH:  0    Dex: 15    Spells: 1/1 levels left

rFire    . . .     SeeInvis .   a - +0 falchion
rCold    . . .     Gourm    .   (no shield)
rNeg     . . .     Faith    .   b - +0 robe
rPois    .         Spirit   .   (no helmet)
rElec    .         Reflect  .   (no cloak)
rCorr    .         Harm     .   (no gloves)
MR       .....                  (no boots)
Stlth    ++........             (no amulet)
HPRegen  0.08/turn              (no ring)
MPRegen  0.08/turn              (no ring)

@: no status effects
A: powered by pain 1
a: no special abilities


You were on level 1 of the Dungeon.
You were not hungry.

You visited 1 branch of the dungeon, and saw 1 of its levels.

You collected 42 gold pieces.

Inventory:

Hand Weapons
 a - a +0 falchion (weapon)
Armour
 b - a +0 robe (worn)
Scrolls
 d - a scroll of teleportation {unknown}
 g - a scroll of identify {unknown}
 h - a scroll of amnesia {unknown}
Potions
 e - a potion of lignification {unknown}
 f - a potion of heal wounds {unknown}
 i - a potion of flight {unknown}
Comestibles
 c - a bread ration


   Skills:
 + Level 3.4 Fighting
 + Level 3.1 Long Blades
 - Level 2.6 Dodging
 - Level 1.7 Stealth


You had one spell level left.
You didn't know any spells.

Dungeon Overview and Level Annotations

Branches:
Dungeon (1/15)

Altars:


Innate Abilities, Weirdness & Mutations

You sometimes gain a little power by taking damage.


Message History

You hit the jackal.
The jackal is almost dead.
The jackal barely misses you.
You riposte.
You hit the jackal.
You kill the jackal!
You closely miss the frilled lizard. The frilled lizard barely misses you.
You hit the hobgoblin but do no damage. The hobgoblin barely misses you.
The frilled lizard barely misses you. The frilled lizard barely misses you.
You riposte.
You miss the frilled lizard. The frilled lizard bites you.
* * * LOW HITPOINT WARNING * * *
The hobgoblin hits you with a club.
* * * LOW HITPOINT WARNING * * *
You hit the hobgoblin.
The hobgoblin is almost dead.
The hobgoblin hits you with a club.
* * * LOW HITPOINT WARNING * * *
You closely miss the hobgoblin.
The hobgoblin is almost dead.
The hobgoblin hits you with a club.
You die...

...###...####..#
.#††....####...#
.#.####........#
...######......#
...............#
............##.#
............##.#
..........#....#####.#
..........###.lg@....#
.>........# #..#####.#
..........# ##.#
.......[..# #.#
........(### #.#
....#.##...###.#
..##..#......#.#
.....#......(..#
...............#


You could see a hobgoblin and a frilled lizard.

Vanquished Creatures
  A dart slug (D:1)
  A ball python (D:1)
  A giant cockroach (D:1)
  A hobgoblin (D:1)
  6 jackals (D:1)
  2 bats (D:1)
  A frilled lizard (D:1)
  2 rats (D:1)
15 creatures vanquished.

Notes
Turn   | Place    | Note
-------+----------+-------------------------------------------
     0 | D:1      | Gerstahl the Demonspawn Monk began the quest for the Orb.
     0 | D:1      | Reached XP level 1. HP: 18/18 MP: 1/1
   101 | D:1      | Gained mutation: You sometimes gain a little power by taking damage. [demonic ancestry]
   101 | D:1      | Reached XP level 2. HP: 20/24 MP: 2/2
   239 | D:1      | HP: 1/24 [hobgoblin/club (4)]
   240 | D:1      | Slain by a hobgoblin

Vault maps used:
D:1:      erik_arrival_triangle_huge, minivault_25, roderic_lattice_a

Skill      XL: |  1 |
---------------+----+-----
Long Blades    | 3 |  3.1
Fighting       | |  3.4
Dodging        | |  2.6
Stealth        | |  1.7

Action                   || total
-------------------------++-------
Melee: Falchion          ||    39
 Stab: Sleeping          ||     1
Armor: Robe              ||    10
Dodge: Dodged            ||    45
       Rpst.: Falchion   ||    14

Table legend:
 A = Spawn XP
 B = Non-spawn XP
 C = Spawn XP percentage of total XP
 D = Spawn monster count
 E = Non-spawn monster count
 F = Spawn count percentage of total count
 G = Total turns spent on level
                    A         B        C        D         E        F      G
               +---------+---------+-------+---------+---------+-------+---------
         Total |       0 |      27 |   0.0 |       0 |      15 |   0.0 |   240
               +---------+---------+-------+---------+---------+-------+---------
           D:1 |       0 |      27 |   0.0 |       0 |      15 |   0.0 |   240
               +---------+---------+-------+---------+---------+-------+---------
